 Dungeon Crawl Stone Soup version 0.30-a0-462-gd5975efbca (webtiles) character file.

Game seed: 12150400590160278305

2610 HoaS the Cruncher (level 9, -4/64 HPs)
             Began as a Formicid Fighter on Dec 16, 2022.
             Was a Believer of Trog.
             Slain by Duvessa
             ... wielding a +0 rapier
              (12 damage)
             ... on level 7 of the Dungeon.
             The game lasted 00:14:40 (6566 turns).

HoaS the Cruncher (Formicid Fighter)                Turns: 6566, Time: 00:14:41

Health: -4/64      AC: 11    Str: 25    XL:     9   Next: 90%
Magic:  9/9        EV: 25    Int:  8    God:    Trog [**....]
Gold:   363        SH:  5    Dex: 13    Spells: 8/8 levels left

rFire   . . .      SeeInvis +    a - +1 quarterstaff
rCold   . . .      Faith    .    c - +0 buckler
rNeg    . . .      Spirit   .    w - +4 ring mail
rPois   .          Reflect  .    (helmet unavailable)
rElec   .          Harm     .    (no cloak)
rCorr   .          Rampage  .    (no gloves)
Will    +....                    e - +1 pair of boots
Stlth   +.........               o - amulet of the acrobat
HPRegen 0.30/turn                r - ring of willpower
MPRegen 0.11/turn                (no ring)

@: acrobatic
A: permanent stasis, dig shafts and tunnels, antennae 3, four strong arms
a: Dig, Shaft Self, Renounce Religion, Trog's Hand


You were on level 7 of the Dungeon.
You worshipped Trog.
Trog was pleased with you.
You visited 2 branches of the dungeon, and saw 8 of its levels.

You collected 363 gold pieces.

Inventory:

Hand Weapons
 a - a +1 quarterstaff (weapon)
Missiles
 f - a throwing net
Armour
 c - a +0 buckler (worn)
 e - a +1 pair of boots (worn)
 k - a +0 kite shield
 w - a +4 ring mail (worn)
Jewellery
 b - a +4 ring of evasion
 o - an amulet of the acrobat (around neck)
 r - a ring of willpower (left hand)
Wands
 s - a wand of mindburst (15)
Potions
 d - 2 potions of might
 g - 7 potions of curing
 h - a potion of attraction {unknown}
 i - a potion of haste {unknown}
 j - 2 potions of lignification {unknown}
 l - 2 potions of flight
 m - 3 potions of ambrosia
 n - a potion of resistance {unknown}
 p - 4 potions of degeneration {unknown}


   Skills:
 - Level 3.2 Fighting
 + Level 12.8 Staves
 - Level 3.2 Armour
 - Level 4.0 Shields


You had 8 spell levels left.
You didn't know any spells.
Your spell library was empty.

Dungeon Overview and Level Annotations

Branches:
Dungeon (7/15)             Temple (1/1) D:5

Altars:
Ashenzari
Cheibriados
Dithmenos
Elyvilon
Fedhas
Gozag
Hepliaklqana
Kikubaaqudgha
Makhleb
Nemelex Xobeh
Okawaru
Qazlal
Ru
Sif Muna
Trog
Uskayaw
Vehumet
Wu Jian
Xom
Yredelemnul
Zin
The Shining One

Annotations:
D:5 3 runed translucent doors, DEFE's ghost, novice DsWn
D:7 Dowan; Duvessa


Innate Abilities, Weirdness & Mutations

You cannot be hasted, slowed, berserked, paralysed or teleported.
You can dig through walls and to a lower floor.
You have a pair of large antennae on your head. (SInv)
Your four strong arms can wield two-handed weapons with a shield.


Message History

Duvessa completely misses you. Duvessa misses you.
Duvessa completely misses you. You block Duvessa's attack.
Duvessa hits you with a +0 rapier. Duvessa hits you with a +0 rapier.
* * * LOW HITPOINT WARNING * * *
Dowan gestures wildly while chanting.
Dowan blinks!
You block Duvessa's attack. You block Duvessa's attack.
You block Duvessa's attack. Duvessa barely misses you.
Duvessa completely misses you. Duvessa hits you with a +0 rapier.
* * * LOW HITPOINT WARNING * * *
You block Duvessa's attack.
Dowan gestures wildly while chanting.
Dowan blinks!
Duvessa closely misses you. Duvessa misses you. Duvessa misses you.
Duvessa hits you with a +0 rapier.
* * * LOW HITPOINT WARNING * * *
You block Duvessa's attack. Duvessa closely misses you.
Duvessa closely misses you. Duvessa misses you. You block Duvessa's attack.
You block Duvessa's attack.
Dowan laughs at you. "Don't get delusional, you can't win!"
Duvessa hits you with a +0 rapier.
* * * LOW HITPOINT WARNING * * *
Duvessa completely misses you. Duvessa hits you but does no damage.
Duvessa barely misses you.
Duvessa says, "When magic and the sword combine, nothing stands against them."
Duvessa completely misses you. Duvessa hits you with a +0 rapier!
You die...

##.. #.{e
..... .....
#....
#....###
##......####
#####
#......ee@.##
##...#
.....#####..#
##....# ...
#..# ##.###.#
# ##.##
##.#######
##.##
##.##..##.#
##.##
##..#....#.#
###.##
#........#.#
##..##
##.........##
#...#
#>.........##


You could see Duvessa and Dowan.

Vanquished Creatures
  A wyvern (D:7)
  2 orc warriors
  An ice beast (D:6)
  2 black bears (D:4)
  A sky beast (D:7)
  An ogre (D:4)
  5 phantoms
  A gnoll sergeant (D:7)
  A necrophage (D:6)
  6 bullfrogs
  3 scorpions
  2 orc priests
  2 hounds (D:5)
  4 jellies
  4 iguanas (D:5)
  Natasha (thrice) (D:3)
  An orc wizard (D:5)
  8 gnolls
  10 adders
  A white imp (D:6)
  An ufetubus (D:5)
  5 worms
  3 dart slugs
  30 orcs
  19 endoplasms
  5 giant cockroaches
  5 goblins
  4 hobgoblins
  2 jackals (D:4)
  4 quokkas
  4 ball pythons
  6 bats
  A frilled lizard (D:1)
  13 kobolds
  5 rats
166 creatures vanquished.

Vanquished Creatures (others)
  3 fungi (D:2)
  12 toadstools (D:2)
15 creatures vanquished.

Grand Total: 181 creatures vanquished

Notes
Turn   | Place    | Note
-------+----------+-------------------------------------------
     0 | D:1      | HoaS the Formicid Fighter began the quest for the Orb.
     0 | D:1      | Reached XP level 1. HP: 18/18 MP: 1/1
    82 | D:1      | Reached XP level 2. HP: 24/24 MP: 2/2
   164 | D:1      | Reached skill level 3 in Staves
   491 | D:1      | Reached XP level 3. HP: 21/29 MP: 3/3
   852 | D:2      | Reached skill level 4 in Staves
   852 | D:2      | Reached XP level 4. HP: 27/35 MP: 4/4
  1027 | D:2      | Found a faded altar of an unknown god.
  1370 | D:2      | Reached XP level 5. HP: 39/39 MP: 5/5
  1384 | D:2      | Reached skill level 5 in Staves
  1702 | D:2      | Found a bloodstained altar of Trog.
  2031 | D:3      | Noticed Natasha
  2046 | D:3      | Killed Natasha
  2047 | D:3      | Reached XP level 6. HP: 39/47 MP: 6/6
  2169 | D:3      | Reached skill level 6 in Staves
  2202 | D:3      | Noticed Natasha
  2211 | D:3      | Killed Natasha
  2380 | D:3      | Noticed Natasha
  2390 | D:3      | Killed Natasha
  2632 | D:4      | Reached skill level 7 in Staves
  2632 | D:4      | Reached XP level 7. HP: 52/52 MP: 7/7
  2924 | D:4      | Reached skill level 8 in Staves
  2943 | D:4      | Reached XP level 8. HP: 13/58 MP: 8/8
  3259 | D:5      | Entered Level 5 of the Dungeon
  3335 | D:5      | Reached skill level 9 in Staves
  3605 | D:5      | Found a staircase to the Ecumenical Temple.
  3662 | Temple   | Entered the Ecumenical Temple
  3829 | D:2      | Became a worshipper of Trog the Wrathful
  4054 | D:5      | Reached skill level 10 in Staves
  4125 | D:5      | Found a runed translucent gate.
  4125 | D:5      | Found a runed translucent gate.
  4125 | D:5      | Found a runed translucent gate.
  4130 | D:5      | Noticed DEFE's ghost (novice DsWn)
  4786 | D:6      | Reached XP level 9. HP: 63/64 MP: 9/9
  4955 | D:5      | Reached * piety under Trog
  5090 | D:5      | Reached skill level 11 in Staves
  5565 | D:7      | Found a bloodstained altar of Trog.
  5566 | D:7      | Found a radiant altar of Vehumet.
  5567 | D:7      | Found a glowing golden altar of the Shining One.
  5744 | D:7      | Reached skill level 12 in Staves
  6280 | D:7      | Reached ** piety under Trog
  6411 | D:7      | Noticed Duvessa
  6411 | D:7      | Noticed Dowan
  6566 | D:7      | Slain by Duvessa

Illustrated notes

Levels and vault maps discovered:
D:1:      heliophobic_arrival_enchanted_forest, layout_basic,
          minmay_crystal_water
D:2:      cheibrodos_fertilizer, layout_basic, basic_altar,
          hellmonk_ecumenical_altar_run_dry, nicolae_wormholes
D:3:      layout_rooms, minmay_misc_feat_pillars, nicolae_figureground_pulse,
          uniq_natasha
D:4:      layout_rooms, st_stairs_7
D:5:      layout_loops_ring, minmay_temple_entry_purple_smoke,
          gammafunk_ghost_necromancy, minivault_25, minmay_misc_feat_alley
D:6:      layout_basic, minmay_misc_feat_x
D:7:      layout_layer_cave, chequers_temple_overflow_statue_of_worship,
          nicolae_concentric_dashed_squares_mild, uniq_duvessa
Temple:   hellmonk_temple_of_storms

Skill      XL: |  1  2  3  4  5  6  7  8  9 |
---------------+----------------------------+-----
Staves         | 3 4 5 7 8 10 12 | 12.8
Fighting       | |  3.2
Armour         | |  3.2
Shields        | |  4.0

Action                   |  1- 3 |  4- 6 |  7- 9 || total
-------------------------+-------+-------+-------++-------
Melee: Quarterstaff      |    74 |   196 |   336 ||   606
 Abil: Dig               |     6 |     2 |     1 ||     9
  Use: Scroll            |       |     6 |     9 ||    15
Armor: Scale mail        |    30 |    88 |    55 ||   173
       Ring mail         |       |       |    75 ||    75
Dodge: Dodged            |    26 |    63 |   255 ||   344
Block: Buckler           |    18 |    38 |   110 ||   166

Table legend: (Time is in decaauts)
 A = Elapsed time spent in this place.
 B = Non-inter-level travel time spent in this place.
 C = Inter-level travel time spent in this place.
 D = Time resting spent in this place.
 E = Time spent auto-exploring this place.
 F = Levels seen in this place.
 G = Mean time per level.
                   A        B        C        D        E       F      G
               +--------+--------+--------+--------+--------+-----+--------+
         Total |   6538 |   6171 |    367 |   1250 |   3393 |   8 |  817.2 |
       Dungeon |   6494 |   6132 |    362 |   1250 |   3375 |   7 |  927.7 |
        Temple |     43 |     38 |      5 |      0 |     18 |   1 |   43.0 |
               +--------+--------+--------+--------+--------+-----+--------+

Top non-repeatable levels by time:
     D:5: 1237 daAuts
     D:2: 1142 daAuts
     D:7: 1071 daAuts
     D:1: 849 daAuts
     D:6: 772 daAuts
     D:4: 746 daAuts
     D:3: 675 daAuts
  Temple: 43 daAuts
